 Dungeon Crawl Stone Soup version 0.28-a0-32-g8dfe7f97f6 (webtiles) character file.

Game seed: 13211274822536071179

135 dolemite99 the Ducker (level 5, 0/42 HPs)
             Began as a Gnoll Monk on July 28, 2021.
             Was a Believer of Hepliaklqana.
             Succumbed to an orc's poison
             ... on level 4 of the Dungeon.
             The game lasted 00:03:47 (2091 turns).

dolemite99 the Ducker (Gnoll Monk)                  Turns: 2091, Time: 00:03:47

Health: 0/42       AC:  6    Str: 11    XL:     5   Next: 18%
Magic:  4/7        EV: 16    Int: 10    God:    Hepliaklqana [**....]
Gold:   110        SH:  0    Dex: 14    Spells: 6/6 levels left

rFire   . . .      SeeInvis .   a - +0 falchion
rCold   . . .      Faith    .   (no shield)
rNeg    + . .      Spirit   .   j - +0 ring mail
rPois   .          Reflect  .   (no helmet)
rElec   .          Harm     .   l - +0 cloak {Will+}
rCorr   .          Rampage  .   (no gloves)
Will    +....                   (no boots)
Stlth   ++........              (no amulet)
HPRegen 0.14/turn               e - +4 ring of evasion
MPRegen 0.10/turn               h - ring of positive energy

@: lethally poisoned (0 -> -6), hasted, very quick
A: reduced essence, fangs 1, strong nose, distributed training
a: Renounce Religion, Recall Ancestor, Ancestor Identity


You were on level 4 of the Dungeon.
You worshipped Hepliaklqana.
Hepliaklqana was pleased with you.
You visited 1 branch of the dungeon, and saw 4 of its levels.

You collected 110 gold pieces.

Inventory:

Hand Weapons
 a - a +0 falchion (weapon)
 b - a +1 vampiric whip
 n - a +0 club
Missiles
 g - 10 sling bullets
 i - 78 stones (quivered)
Armour
 j - a +0 ring mail (worn)
 l - a +0 cloak of willpower (worn)
Jewellery
 e - a +4 ring of evasion (left hand)
 h - a ring of positive energy (right hand)
Scrolls
 c - a scroll of holy word {unknown}
 d - 3 scrolls of teleportation {unknown}
 f - a scroll of amnesia {unknown}
 k - a scroll of identify {unknown}


   Skills:
 + Level 6.6 Fighting
 + Level 1.4 Short Blades
 + Level 6.6 Long Blades
 + Level 1.4 Axes
 + Level 1.4 Maces & Flails
 + Level 1.4 Polearms
 + Level 1.4 Staves
 + Level 1.4 Slings
 + Level 1.4 Bows
 + Level 1.4 Crossbows
 + Level 1.4 Throwing
 + Level 1.4 Armour
 + Level 6.6 Dodging
 + Level 4.3 Stealth
 + Level 1.4 Shields
 + Level 1.4 Unarmed Combat
 + Level 1.4 Spellcasting
 + Level 1.1 Conjurations
 + Level 1.1 Hexes
 + Level 1.1 Summonings
 + Level 1.1 Necromancy
 + Level 1.1 Translocations
 + Level 1.1 Transmutations
 + Level 1.1 Fire Magic
 + Level 1.1 Ice Magic
 + Level 1.1 Air Magic
 + Level 1.1 Earth Magic
 + Level 1.1 Poison Magic
 + Level 1.5 Invocations
 + Level 1.4 Evocations


You had 6 spell levels left.
You didn't know any spells.
Your spell library was empty.

Dungeon Overview and Level Annotations

Branches:
Dungeon (3/15)

Altars:
Hepliaklqana


Innate Abilities, Weirdness & Mutations

Your life essence is reduced to manifest your ancestor. (-10% HP)
You have very sharp teeth.
Your uncanny sense of smell can sniff out nearby items.
Your experience applies equally to all skills.


Message History

The adder bites you but does no damage.
You hit the adder. You bite the adder, but do no damage.
The adder is severely wounded.
You feel very sick. The adder completely misses you.
Audrea hits the adder with a +0 quarterstaff!
The adder dies!
The orc barely misses you.
You riposte.
You barely miss the orc.
The orc is severely wounded.
You feel very sick. The orc closely misses you.
Things that are here:
a +0 flail; a +0 ring mail You hit the orc but do no damage.
The orc is heavily wounded.
You feel sick.
The orc hits you with a +2 whip of venom.
You are lethally poisoned!
Your ring mail prevents you from hitting the orc.
You bite the orc.
The orc is severely wounded.
You feel very sick.
Audrea gestures at the orc while chanting.
The puff of frost hits the orc.
The orc dies!
It was a potion of haste.
You feel yourself speed up.
* * * LOW HITPOINT WARNING * * *
You feel very sick.
* * * LOW HITPOINT WARNING * * *
You feel very sick.
You see here a +2 whip of venom.
* * * LOW HITPOINT WARNING * * *
You feel sick.
* * * LOW HITPOINT WARNING * * *
You feel sick.
* * * LOW HITPOINT WARNING * * *
You feel sick.
* * * LOW HITPOINT WARNING * * *
You feel sick.
You die...

...# #... ...
............ #..
#........... .
#..###........... ..
#................
#..##................
......#..............
.....)#..............
.#.....))R...@.$.....
.....................
.###............##...
##.............. .
......#..........
#...[####.......... ∆
##.## ........... ..
............ ... ..


You could see the friendly Audrea the battlemage.

Vanquished Creatures
  A worm (D:2)
  4 dart slugs
  An orc (D:4)
  6 bats
  4 endoplasms (D:1)
  2 giant cockroaches
  4 goblins
  2 hobgoblins (D:1)
  A jackal (D:1)
  5 kobolds
  2 quokkas (D:1)
  5 ball pythons
  A frilled lizard (D:2)
  4 rats (D:1)
42 creatures vanquished.

Vanquished Creatures (collateral kills)
  A scorpion (D:4)
  An adder (D:4)
  2 orcs (D:4)
4 creatures vanquished.

Grand Total: 46 creatures vanquished

Notes
Turn   | Place    | Note
-------+----------+-------------------------------------------
     0 | D:1      | dolemite99 the Gnoll Monk began the quest for the Orb.
     0 | D:1      | Reached XP level 1. HP: 23/23 MP: 1/1
   110 | D:1      | Reached XP level 2. HP: 4/29 MP: 2/2
   983 | D:1      | Reached XP level 3. HP: 25/35 MP: 3/3
  1392 | D:1      | Reached skill level 1 in Invocations
  1880 | D:2      | Reached skill level 1 in Short Blades
  1880 | D:2      | Reached skill level 1 in Axes
  1880 | D:2      | Reached skill level 1 in Maces & Flails
  1880 | D:2      | Reached skill level 1 in Polearms
  1880 | D:2      | Reached skill level 1 in Staves
  1880 | D:2      | Reached skill level 1 in Slings
  1880 | D:2      | Reached skill level 1 in Bows
  1880 | D:2      | Reached skill level 1 in Crossbows
  1880 | D:2      | Reached skill level 1 in Throwing
  1880 | D:2      | Reached skill level 1 in Armour
  1880 | D:2      | Reached skill level 1 in Shields
  1880 | D:2      | Reached skill level 1 in Unarmed Combat
  1880 | D:2      | Reached skill level 1 in Spellcasting
  1880 | D:2      | Reached skill level 1 in Evocations
  2039 | D:2      | Reached XP level 4. HP: 41/41 MP: 5/5
  2048 | D:2      | Found a faded altar of an unknown god.
  2054 | D:2      | Became a worshipper of Hepliaklqana the Forgotten
  2054 | D:2      | Reached * piety under Hepliaklqana
  2054 | D:2      | Reached ** piety under Hepliaklqana
  2056 | D:2      | Remembered your ancestor Audrea as a battlemage
  2069 | D:2      | You fall into a shaft and drop 2 floors!
  2070 | D:4      | Noticed a scorpion
  2075 | D:4      | Killed a scorpion
  2076 | D:4      | Reached skill level 1 in Conjurations
  2076 | D:4      | Reached skill level 1 in Hexes
  2076 | D:4      | Reached skill level 1 in Summonings
  2076 | D:4      | Reached skill level 1 in Necromancy
  2076 | D:4      | Reached skill level 1 in Translocations
  2076 | D:4      | Reached skill level 1 in Transmutations
  2076 | D:4      | Reached skill level 1 in Fire Magic
  2076 | D:4      | Reached skill level 1 in Ice Magic
  2076 | D:4      | Reached skill level 1 in Air Magic
  2076 | D:4      | Reached skill level 1 in Earth Magic
  2076 | D:4      | Reached skill level 1 in Poison Magic
  2076 | D:4      | Reached XP level 5. HP: 37/42 MP: 3/6
  2090 | D:4      | HP: 1/42 [poisoned by an orc]
  2091 | D:4      | Succumbed to an orc's poison

Illustrated notes

Levels and vault maps discovered:
D:1:      minmay_arrival_widening_spiral_wide, layout_rooms,
          minmay_close_crescents
D:2:      layout_basic, chequers_ecumenical_altar_simple
D:3:      layout_rooms, kennysheep_generic_room_10
D:4:      layout_cave_pools, elyvilon_altar_5, minmay_temple_entry_trees,
          serial_undead, serial_undead_c, serial_undead_d, serial_undead_c,
          serial_undead_a

Skill      XL: |  1  2  3  4 |
---------------+-------------+-----
Invocations    | 1 |  1.5
Short Blades   | 1 |  1.4
Axes           | 1 |  1.4
Maces & Flails | 1 |  1.4
Polearms       | 1 |  1.4
Staves         | 1 |  1.4
Slings         | 1 |  1.4
Bows           | 1 |  1.4
Crossbows      | 1 |  1.4
Throwing       | 1 |  1.4
Armour         | 1 |  1.4
Shields        | 1 |  1.4
Unarmed Combat | 1 |  1.4
Spellcasting   | 1 |  1.4
Evocations     | 1 |  1.4
Conjurations   | 1 |  1.1
Hexes          | 1 |  1.1
Summonings     | 1 |  1.1
Necromancy     | 1 |  1.1
Translocations | 1 |  1.1
Transmutations | 1 |  1.1
Fire Magic     | 1 |  1.1
Ice Magic      | 1 |  1.1
Air Magic      | 1 |  1.1
Earth Magic    | 1 |  1.1
Poison Magic   | 1 |  1.1
Fighting       | |  6.6
Long Blades    | |  6.6
Dodging        | |  6.6
Stealth        | |  4.3

Action                   |  1- 3 |  4- 6 || total
-------------------------+-------+-------++-------
Melee: Falchion          |    98 |    13 ||   111
       Bite              |    10 |     2 ||    12
       Punch             |       |     1 ||     1
Throw: Stone             |    16 |       ||    16
Invok: Recall Ancestor   |       |     1 ||     1
       Ancestor Life: Ba |       |     1 ||     1
  Use: Potion            |       |     1 ||     1
 Stab: Sleeping          |     1 |       ||     1
       Distracted        |     1 |       ||     1
Armor: Robe              |     6 |       ||     6
       Ring mail         |    21 |     2 ||    23
       Leather armour    |     3 |       ||     3
Dodge: Dodged            |    76 |    14 ||    90
       Rpst.: Falchion   |    24 |     6 ||    30

Table legend: (Time is in decaauts)
 A = Elapsed time spent in this place.
 B = Non-inter-level travel time spent in this place.
 C = Inter-level travel time spent in this place.
 D = Time resting spent in this place.
 E = Time spent auto-exploring this place.
 F = Levels seen in this place.
 G = Mean time per level.
                   A        B        C        D        E       F      G
               +--------+--------+--------+--------+--------+-----+--------+
         Total |   2086 |   2071 |     15 |    798 |    760 |   4 |  521.5 |
       Dungeon |   2086 |   2071 |     15 |    798 |    760 |   4 |  521.5 |
               +--------+--------+--------+--------+--------+-----+--------+

Top non-repeatable levels by time:
     D:1: 1643 daAuts
     D:2: 421 daAuts
     D:4: 19 daAuts
     D:3: 2 daAuts
